 Dungeon Crawl Stone Soup version 0.18.1-50-g88ac8fd (webtiles) character file.

181 plumbum the Conjurer (level 5, -12/37 HPs)
             Began as a Human Conjurer on Sept 24, 2016.
             Mangled by an ogre
             ... wielding a +0 giant club
              (30 damage)
             ... on level 4 of the Dungeon.
             The game lasted 00:17:06 (3674 turns).

plumbum the Conjurer (Human Conjurer)               Turns: 3674, Time: 00:17:07

Health: -12/37     AC:  8    Str:  9    XL:     5   Next: 92%
Magic:  0/9        EV: 13    Int: 16    God:
Gold:   163        SH:  0    Dex: 13    Spells: 2 memorised, 7 levels left

rFire  . . .     SeeInvis .     e - +3 mace (protect)
rCold  . . .     Gourm    .     a - +0 robe
rNeg   . . .     Faith    .     (no shield)
rPois  .         Spirit   .     l - +0 helmet
rElec  .         Dismiss  .     (no cloak)
rCorr  .         Reflect  .     (no gloves)
SustAt .         Harm     .     (no boots)
MR     .....                    (no amulet)
Stlth  ++........               (no ring)
                                f - ring of flight

@: not resistant to hostile enchantments, unstealthy
A: no striking features
a: Evoke Flight


You were on level 4 of the Dungeon.
You were not hungry.

You visited 1 branch of the dungeon, and saw 4 of its levels.

You collected 163 gold pieces.

Inventory:

Hand Weapons
 e - a +3 mace of protection (weapon)
 o - a +2 dagger of venom
Missiles
 j - 183 stones (quivered)
Armour
 a - a +0 robe (worn)
 l - a +0 helmet (worn)
 q - a +1 scale mail of cold resistance
Jewellery
 f - a ring of flight (left hand)
Scrolls
 d - a scroll of recharging {unknown}
 i - a scroll of fog {unknown}
 p - a scroll of amnesia {unknown}
Potions
 g - 2 potions of heal wounds {unknown}
 m - a potion of cancellation {unknown}
 n - a potion of agility {unknown}
Books
 b - a book of Conjurations

   Spells                             Type                      Level
   a - Magic Dart                     Conjuration                  1
   b - Searing Ray                    Conjuration                  2
   c - Dazzling Spray                 Conjuration/Hexes            3
   d - Fulminant Prism                Conjuration/Hexes            4
   e - Iskenderun's Mystic Blast      Conjuration                  4
   f - Iskenderun's Battlesphere      Conjuration/Charms           5
Comestibles
 c - 3 bread rations
 h - a beef jerky
 k - 2 meat rations


   Skills:
 + Level 1.0 Fighting
 + Level 0.4 Maces & Flails
 + Level 2.8 Dodging
 + Level 2.4 Stealth
 + Level 3.1 Spellcasting
 + Level 5.3 Conjurations


You had 7 spell levels left.
You knew the following spells:

 Your Spells              Type           Power        Failure   Level  Hunger
a - Magic Dart            Conj           ###.         1%          1    None
b - Searing Ray           Conj           ###...       3%          2    ##.....


Dungeon Overview and Level Annotations

Branches:
Dungeon (4/15)
 Temple: D:4-7

Altars:
Ashenzari
Fedhas
Sif Muna

Annotations:
D:3 nikopol's ghost, amateur MiBe


Message History

The searing ray hits the ogre.
The ogre is severely wounded.
An orc comes into view. It is wielding a club.
Casting: Searing Ray
Confirm with . or Enter, or press ? or * to list all spells.
Aiming: Searing Ray
Press: ? - help, Shift-Dir - straight line, f/p - ogre
Aim: an ogre, wielding a giant club (severely wounded)
The searing ray hits the ogre.
The ogre is severely wounded.
The orc shouts!
The ogre hits you with a giant club!
The orc moves out of view.
The searing ray hits the ogre.
The ogre is almost dead.
The ogre hits you with a giant club!
You completely miss the ogre.
The ogre is almost dead.
The ogre hits you with a giant club!!
Ouch! That really hurt!
You die...

#......# #......#
#......#############
#................[..
####......#############
#.........# #.........#
#### #.........#
#######... #.####@#.##
#.......## #. #O#.#
#.......#. #. #.#.#
#.......#. #. ..#
#.......#. .. ...
#.......#. .. ....
#######.#. ..(. #.#.
...... #.#. #.#.


You could see an ogre.

Vanquished Creatures
  A centaur zombie (D:4)
  A howler monkey skeleton (D:4)
  6 adders
  3 worms
  3 dart slugs
  3 giant geckos
  An orc (D:3)
  6 giant cockroaches
  9 hobgoblins
  2 quokkas (D:3)
  A ball python (D:2)
  5 bats
  4 giant newts
  11 goblins
  8 kobolds
  3 rats
67 creatures vanquished.

Notes
Turn   | Place    | Note
--------------------------------------------------------------
     0 | D:1      | plumbum the Human Conjurer began the quest for the Orb.
     0 | D:1      | Reached XP level 1. HP: 13/13 MP: 3/3
   416 | D:1      | Reached XP level 2. HP: 12/19 MP: 0/5
   734 | D:1      | Learned a level 2 spell: Searing Ray
   953 | D:1      | Reached XP level 3. HP: 24/24 MP: 3/6
  1674 | D:2      | Reached XP level 4. HP: 23/30 MP: 0/7
  1749 | D:2      | Reached skill level 5 in Conjurations
  1805 | D:3      | Noticed nikopol's ghost (amateur MiBe)
  1976 | D:2      | Found a shattered altar of Ashenzari.
  2685 | D:2      | Found a deep blue altar of Sif Muna.
  2814 | D:2      | Found a blossoming altar of Fedhas.
  2986 | D:2      | Reached XP level 5. HP: 24/35 MP: 9/9
  3525 | D:4      | Reached skill level 1 in Fighting
  3666 | D:4      | Noticed an ogre
  3674 | D:4      | Mangled by an ogre

Skill      XL: |  1  2  3  4  5 |
---------------+----------------+-----
Conjurations   | 5 |  5.3
Spellcasting   | 3 |  3.1
Fighting       | 1 |  1.0
Maces & Flails | |  0.4
Dodging        | |  2.8
Stealth        | |  2.4

Action                   |  1- 3 |  4- 6 || total
-------------------------+-------+-------++-------
Melee: Dagger            |    22 |       ||    22
       Mace              |     9 |    54 ||    63
 Cast: Magic Dart        |    53 |    34 ||    87
       Searing Ray       |     5 |    14 ||    19
  Use: Scroll            |     3 |       ||     3
  Eat: Chunk             |     3 |     6 ||     9
       Pizza             |       |     1 ||     1
Armor: Robe              |    14 |    38 ||    52
Dodge: Dodged            |    28 |    53 ||    81
